 Dungeon Crawl Stone Soup version 0.22-a0-322-g60b3cfd (webtiles) character file.

38838 Amnesiac the Stormcaller (level 14, -1/82 HPs)
             Began as a Tengu Air Elementalist on Apr 4, 2018.
             Was a High Priest of Sif Muna.
             Slain by a death yak (16 damage)
             ... on level 5 of the Lair of Beasts.
             The game lasted 00:51:29 (23034 turns).

Amnesiac the Stormcaller (Tengu Air Elementalist)  Turns: 23034, Time: 00:51:30

Health: -1/82      AC:  6    Str:  8    XL:     14   Next: 3%
Magic:  0/30       EV: 23    Int: 20    God:    Sif Muna [*****.]
Gold:   1270       SH:  5    Dex: 16    Spells: 6/35 levels left

rFire    + . .     SeeInvis .   a - +0 dagger (flame)
rCold    . . .     Gourm    +   w - +0 buckler
rNeg     + . .     Faith    .   A - +0 troll leather armour
rPois    +         Spirit   .   (helmet restricted)
rElec    .         Reflect  .   (no cloak)
rCorr    .         Harm     .   g - +1 pair of gloves
MR       +....                  (boots unavailable)
Stlth    ++........             E - amulet of Letzoem {Gourm rF+}
HPRegen  0.63/turn              u - ring of positive energy
MPRegen  0.22/turn              q - ring of poison resistance

@: flying quickly and evasively, no casting, quick
A: beak, talons 3, able to fly 2
a: Stop Flying, Stop Divine Energy, Channel Magic, Forget Spell, Renounce
Religion


You were on level 5 of the Lair of Beasts.
You worshipped Sif Muna.
Sif Muna was extremely pleased with you.
You were not hungry.

You visited 3 branches of the dungeon, and saw 18 of its levels.

You collected 1270 gold pieces.

Inventory:

Hand Weapons
 a - a +0 dagger of flaming (weapon)
 b - a +2 blowgun
Armour
 g - a +1 pair of gloves (worn)
 l - +0 acid dragon scales
 w - a +0 buckler (worn)
 A - a +0 troll leather armour (worn)
 H - a +2 robe of cold resistance
Jewellery
 q - a ring of poison resistance (right hand)
 u - a ring of positive energy (left hand)
 E - the amulet of Letzoem (around neck) {Gourm rF+}
   (You found it on level 8 of the Dungeon)

   [amulet of the gourmand]

   It allows you to eat raw meat even when not hungry.
   It protects you from fire.
Wands
 o - a wand of enslavement (10)
 s - a wand of acid (17)
 t - a wand of flame (83)
 y - a wand of digging (32)
Scrolls
 f - 7 scrolls of remove curse {!r}
 h - 4 scrolls of blinking {!r}
 j - 14 scrolls of teleportation {!r}
 m - 3 scrolls of fog {!r}
 v - a scroll of magic mapping {!r}
 B - 4 scrolls of enchant armour {!r}
Potions
 d - 2 potions of agility {!q}
 e - 3 potions of brilliance {!q}
 i - 9 potions of heal wounds {!q, unknown}
 k - 2 potions of invisibility {!q, unknown}
 n - a potion of haste {!q}
 p - 2 potions of mutation {!q}
 z - 6 potions of curing {!q}
 C - 3 potions of cancellation {!q}
 D - a potion of might {!q}
 F - a potion of flight {!q}
 G - 2 potions of resistance {!q}
 J - a potion of lignification {!q}
Comestibles
 c - 41 rations


   Skills:
 - Level 7.0 Fighting
 - Level 11.0 Dodging
 - Level 2.0 Stealth
 - Level 4.3 Shields
 - Level 11.0 Spellcasting
 - Level 1.3 Conjurations
 + Level 17.2 Air Magic
 - Level 8.0 Invocations


You had 6 spell levels left.
You knew the following spells:

 Your Spells              Type           Power        Failure   Level  Hunger
a - Airstrike             Air            ######....   1%          4    ##.....
b - Apportation           Tloc           ##....       9%          1    None
c - Confusing Touch       Hex            ##....       9%          1    None
d - Lightning Bolt        Conj/Air       #####.....   5%          5    ####...
e - Passage of Golubria   Tloc           N/A          65%         4    ##.....
f - Mephitic Cloud        Conj/Pois/Air  #####...     1%          3    None
r - Regeneration          Chrm/Necr      ##........   26%         3    None
s - Summon Lightning Spi  Summ/Air       #####...     2%          4    ##.....
v - Blink                 Tloc           N/A          14%         2    None
z - Swiftness             Chrm/Air       #####...     1%          2    None


Dungeon Overview and Level Annotations

Branches:
Dungeon (12/15)            Temple (0/1) D:7            Lair (5/6) D:10
  Swamp (0/4) Lair:4       Spider (0/4) Lair:4          Orc (1/2) D:12
  Slime: Lair:5-6

Altars:
Gozag
Hepliaklqana
Kikubaaqudgha
Nemelex Xobeh
Sif Muna
Trog
Wu Jian
The Shining One

Shops:
D:12 [(


Innate Abilities, Weirdness & Mutations

You have a beak for a mouth.
You have claws for feet.
You can fly continuously.


Message History

You are unable to access your magic!
You regain access to your magic.
Casting: Airstrike (safe; 1% risk of failure)
Confirm with . or Enter, or press ? or * to list all spells.
Aiming: Airstrike (safe; 1% risk of failure)
Press: ? - help, Dir - move target cursor, f/p - death yak
Aim: a death yak (heavily wounded)
The air twists around and strikes the death yak!
The death yak is severely wounded.
Sif Muna grants you divine energy.
You briefly lose access to your magic!
The death yak gores you!!
You are unable to access your magic!
You are unable to access your magic!
You are unable to access your magic!
You are unable to access your magic!
You regain access to your magic.
Casting: Airstrike (safe; 1% risk of failure)
Confirm with . or Enter, or press ? or * to list all spells.
Aiming: Airstrike (safe; 1% risk of failure)
Press: ? - help, Dir - move target cursor, f/p - death yak
Aim: a death yak (severely wounded)
The air twists around and strikes the death yak!
The death yak is almost dead.
Sif Muna grants you divine energy.
You briefly lose access to your magic!
You are unable to access your magic!
You are unable to access your magic!
You are unable to access your magic!
You are unable to access your magic!
You are unable to access your magic!
You are unable to access your magic!
You are unable to access your magic!
You are unable to access your magic!
You regain access to your magic.
Casting: Airstrike (safe; 1% risk of failure)
Confirm with . or Enter, or press ? or * to list all spells.
Aiming: Airstrike (safe; 1% risk of failure)
Press: ? - help, Dir - move target cursor, f/p - death yak
Aim: a death yak (severely wounded)
The air twists around and strikes the death yak!
The death yak is almost dead.
Sif Muna grants you divine energy.
You briefly lose access to your magic!
You are unable to access your magic!
You are unable to access your magic!
You are unable to access your magic!
You are unable to access your magic!
The death yak gores you!!
You are unable to access your magic!
You regain access to your magic.
The death yak gores you!
* * * LOW HITPOINT WARNING * * *
Casting: Airstrike (safe; 1% risk of failure)
Confirm with . or Enter, or press ? or * to list all spells.
Aiming: Airstrike (safe; 1% risk of failure)
Press: ? - help, Dir - move target cursor, f/p - death yak
Aim: a death yak (almost dead)
The air twists around and strikes the death yak!
The death yak is almost dead.
Sif Muna grants you divine energy.
You briefly lose access to your magic!
The death yak gores you!
* * * LOW HITPOINT WARNING * * *
The death yak gores you!
You die...

...............................#
....##...............#.......###
...###.PP......<....#........###
#.## ##..P...........#.......#.#
### ##.............#......#.##
##.......................#
####.#..........#..#.......##
###.####.......YY.P..#.....######
..##...#........@...P#........#.#
................................#
.#..............................#
....###......................#..#
....###.........................#
####...........................#.
⌠.###.P.P............#...........
...####.............#.........P..
>.⌠# ###.#.........#.....#....PP


You could see 2 death yaks.

Vanquished Creatures
  Harold (Lair:1)
  The ghost of grindst0ne the Fighter, a journeyman HuAr of Ru (D:9)
  3 hydras
  3 death yaks (Lair:5)
  4 two-headed ogres
  Urug (D:11)
  Sonja (Lair:1)
  Nergalle (D:11)
  An unseen horror (D:10)
  The ghost of sankara the Cleaver, a novice HOFi (D:6)
  3 oklob plants
  A cyclops (D:11)
  A black mamba (Lair:4)
  A centaur zombie (D:10)
  11 elephants
  A gargoyle (D:10)
  8 spiny frogs
  2 rime drakes
  5 komodo dragons
  3 trolls
  Grinder (D:4)
  A hornet (D:11)
  5 hippogriffs
  6 blink frogs
  2 redbacks (Lair:4)
  A spriggan (D:7)
  A wraith (D:12)
  A wyvern (D:10)
  2 basilisks
  15 yaks
  A hungry ghost (D:8)
  3 vampire mosquitoes (D:12)
  The ghost of PeterLawrence the Cudgeler, an amateur GrFi (D:3)
  A soldier ant (D:9)
  8 water moccasins
  11 porcupines
  3 sky beasts
  2 black bears (D:10)
  5 orc warriors
  3 ice beasts
  3 phantoms
  11 wolves
  10 ogres
  A necrophage (D:9)
  2 centaurs
  8 crocodiles
  18 bullfrogs
  A big kobold (D:12)
  2 wyvern skeletons
  3 scorpions
  13 killer bees
  2 electric eels
  4 howler monkeys
  5 crimson imps
  A quasit (D:10)
  3 bullfrog zombies
  8 hounds
  9 jellies
  A bullfrog skeleton (D:7)
  8 orc priests
  A centaur skeleton (D:10)
  2 iguanas
  7 orc wizards
  9 worker ants
  2 killer bee zombies (D:9)
  2 hound zombies
  A worker ant zombie (D:7)
  14 adders
  A howler monkey skeleton (D:6)
  2 shadow imps
  12 oozes
  3 adder skeletons
  A worm (D:3)
  4 dart slugs
  5 leopard geckos
  39 orcs
  2 ball pythons
  7 giant cockroaches
  9 goblins
  10 hobgoblins
  17 jackals
  6 quokkas
  6 bats
  6 frilled lizards
  A jackal zombie (D:9)
  14 kobolds
  A leopard gecko zombie (D:6)
  9 rats
  2 butterflies (Lair:3)
434 creatures vanquished.

Vanquished Creatures (collateral kills)
  A death yak (Lair:4)
  6 yaks
  A basilisk (Lair:2)
  6 wolves
  2 oozes (Lair:3)
  2 fungi
18 creatures vanquished.

Vanquished Creatures (others)
  An acid dragon (D:11)
  7 bushes (Lair:5)
  10 fungi
  3 plants
21 creatures vanquished.

Grand Total: 473 creatures vanquished

Notes
Turn   | Place    | Note
-------+----------+-------------------------------------------
     0 | D:1      | Amnesiac the Tengu Air Elementalist began the quest for the Orb.
     0 | D:1      | Reached XP level 1. HP: 10/10 MP: 4/4
   184 | D:1      | Reached XP level 2. HP: 15/15 MP: 3/6
   346 | D:1      | Reached skill level 5 in Air Magic
   386 | D:1      | Reached XP level 3. HP: 7/19 MP: 4/7
  1000 | D:2      | Learned a level 2 spell: Swiftness
  1297 | D:2      | Reached XP level 4. HP: 24/24 MP: 6/9
  1303 | D:2      | Learned a level 4 spell: Airstrike
  1739 | D:3      | Reached skill level 6 in Air Magic
  1840 | D:3      | Noticed PeterLawrence's ghost (amateur GrFi)
  1896 | D:3      | Gained mutation: You can fly. [Tengu growth]
  1896 | D:3      | Reached XP level 5. HP: 28/28 MP: 5/10
  2093 | D:3      | Found a deep blue altar of Sif Muna.
  2113 | D:3      | Became a worshipper of Sif Muna the Loreminder
  2376 | D:3      | Killed PeterLawrence's ghost
  2376 | D:3      | Reached skill level 7 in Air Magic
  2376 | D:3      | Reached XP level 6. HP: 28/32 MP: 0/12
  2831 | D:4      | Reached skill level 8 in Air Magic
  2857 | D:4      | Noticed an orc warrior
  2908 | D:4      | Killed an orc warrior
  2908 | D:4      | Reached * piety under Sif Muna
  2908 | D:4      | Reached XP level 7. HP: 20/36 MP: 7/14
  2959 | D:4      | Found a glowing golden altar of the Shining One.
  2975 | D:4      | Reached skill level 9 in Air Magic
  3101 | D:4      | Noticed Grinder
  3235 | D:4      | Killed Grinder
  3235 | D:4      | Reached skill level 10 in Air Magic
  3235 | D:4      | Reached XP level 8. HP: 23/41 MP: 0/16
  3286 | D:4      | Reached skill level 5 in Spellcasting
  3540 | D:5      | Entered Level 5 of the Dungeon
  3689 | D:5      | Reached ** piety under Sif Muna
  3736 | D:5      | Found a sparkling altar of Nemelex Xobeh.
  3744 | D:5      | Reached skill level 11 in Air Magic
  3924 | D:5      | Found an opulent altar of Gozag.
  3944 | D:5      | Found a sparkling altar of Nemelex Xobeh.
  4409 | D:6      | Found an ancient bone altar of Kikubaaqudgha.
  4421 | D:6      | Noticed sankara's ghost (novice HOFi)
  4448 | D:6      | Identified the Papyrus of Unstable Beguiling
  4485 | D:5      | Reached skill level 12 in Air Magic
  4683 | D:6      | Reached XP level 9. HP: 45/45 MP: 0/19
  4838 | D:6      | Reached *** piety under Sif Muna
  4921 | D:6      | Killed sankara's ghost
  4921 | D:6      | Reached skill level 13 in Air Magic
  5569 | D:7      | Found a hazy altar of Hepliaklqana.
  5774 | D:7      | Found a staircase to the Ecumenical Temple.
  5892 | D:7      | Reached skill level 14 in Air Magic
  6019 | D:7      | Reached **** piety under Sif Muna
  6197 | D:7      | Reached XP level 10. HP: 29/50 MP: 13/22
  6409 | D:7      | Found a bloodstained altar of Trog.
  6439 | D:7      | Learned a level 3 spell: Regeneration
  6441 | D:7      | Learned a level 1 spell: Apportation
  6443 | D:7      | Learned a level 1 spell: Confusing Touch
  6449 | D:7      | Learned a level 5 spell: Lightning Bolt
  7014 | D:8      | Got a coiled ivory amulet
  7154 | D:8      | Identified the amulet of Letzoem {Gourm rF+} (You found it on level 8 of the Dungeon)
  7324 | D:8      | Reached skill level 15 in Air Magic
  7625 | D:9      | Noticed grindst0ne's ghost (journeyman HuAr)
  7770 | D:9      | Found an ornate altar of the Wu Jian Council.
  8025 | D:9      | Killed grindst0ne's ghost
  8025 | D:9      | Reached ***** piety under Sif Muna
  8061 | D:9      | Identified Soiv's Guide on Warped Combat Magic (Sif Muna gifted it to you on level 9 of the Dungeon)
  8061 | D:9      | Received a gift from Sif Muna
  8120 | D:9      | Reached skill level 1 in Shields
  8193 | D:9      | Found a sparkling altar of Nemelex Xobeh.
  8490 | D:9      | Noticed a two-headed ogre
  8553 | D:9      | Killed a two-headed ogre
  8553 | D:9      | Reached skill level 16 in Air Magic
  8553 | D:9      | Reached XP level 11. HP: 27/54 MP: 0/24
  8757 | D:10     | Entered Level 10 of the Dungeon
  8806 | D:10     | Reached skill level 1 in Fighting
  8847 | D:10     | Reached skill level 1 in Invocations
  9243 | D:10     | Killed an unseen horror
  9752 | D:10     | Noticed a two-headed ogre
  9757 | D:10     | Killed a two-headed ogre
  9757 | D:10     | Reached skill level 5 in Dodging
 10389 | D:10     | Found a staircase to the Lair.
 10748 | D:11     | Noticed a cyclops
 10973 | D:11     | Noticed Urug
 10973 | D:11     | Noticed a two-headed ogre
 11054 | D:11     | Killed a two-headed ogre
 11258 | D:11     | Noticed Nergalle
 11635 | D:11     | Killed Urug
 12064 | D:11     | Reached XP level 12. HP: 67/67 MP: 0/25
 12230 | D:11     | Killed Nergalle
 12281 | D:11     | Reached skill level 5 in Fighting
 12685 | D:12     | Noticed a four-headed hydra
 12710 | D:11     | Killed a four-headed hydra
 13037 | D:12     | Noticed a two-headed ogre
 13067 | D:11     | Killed a two-headed ogre
 13067 | D:11     | Reached skill level 5 in Invocations
 13368 | D:12     | Found Lurchobum's Armour Shoppe.
 13368 | D:12     | Found a staircase to the Orcish Mines.
 13435 | D:12     | Found Oruvion's Weapon Shoppe.
 13664 | D:12     | Noticed a fire dragon
 13732 | Orc:1    | Entered Level 1 of the Orcish Mines
 13745 | Orc:1    | Noticed an ettin
 13910 | Lair:1   | Entered Level 1 of the Lair of Beasts
 14152 | Lair:1   | Noticed Sonja
 14156 | Lair:1   | Killed Sonja
 14156 | Lair:1   | Reached skill level 10 in Dodging
 14300 | Lair:1   | Learned a level 4 spell: Summon Lightning Spire
 14303 | Lair:1   | Learned a level 2 spell: Blink
 14307 | Lair:1   | Learned a level 3 spell: Mephitic Cloud
 14478 | Lair:1   | Noticed Harold
 14549 | Lair:1   | Killed Harold
 15513 | Lair:2   | Noticed a six-headed hydra
 15529 | Lair:2   | Killed a six-headed hydra
 15529 | Lair:2   | Reached XP level 13. HP: 73/76 MP: 0/26
 17345 | Lair:3   | Learned a level 4 spell: Passage of Golubria
 18042 | Lair:3   | Identified Sif Muna's Guide on Ensnaring Lightness (Sif Muna gifted it to you on level 3 of the Lair of Beasts)
 18042 | Lair:3   | Received a gift from Sif Muna
 18883 | Lair:4   | Reached skill level 17 in Air Magic
 19078 | Lair:4   | Found a hole to the Spider Nest.
 19314 | Lair:4   | Found a staircase to the Swamp.
 20906 | Lair:4   | Reached skill level 10 in Spellcasting
 22863 | Lair:5   | Identified Ureitz's Incunabulum of Enthralling Flight (Sif Muna gifted it to you on level 5 of the Lair of Beasts)
 22863 | Lair:5   | Received a gift from Sif Muna
 22863 | Lair:5   | Gained mutation: You can fly continuously. [Tengu growth]
 22863 | Lair:5   | Reached XP level 14. HP: 74/82 MP: 2/30
 23034 | Lair:5   | Slain by a death yak

Vault maps used:
D:1:      mrwooster_arrival_arrow, corexii_leaking_fountain, minmay_ruptured
D:3:      old_standard_altar, first_ration, serial_bayou_crossing
D:4:      tso_metal_star, uniq_grinder
D:5:      grunt_temple_overflow_opulence, nemelex_xobeh_ov_fountains_minmay
D:6:      overflow_temple_1_default
D:7:      lemuel_doored_altar, temple_green, the_bakery, serial_bayou_lagoon_a,
          trog_hazing_becter
D:9:      overflow_temple_1_default, basic_altar
D:10:     grunt_lair_entry_orc_guard_hut
D:11:     serial_glass, glass_columns_c, glass_columns_b, eino_tiny_chamber,
          hex_intersection, uniq_nergalle, uniq_urug
D:12:     orc_david_3
Lair:1:   infiniplex_staircase_pool_2, uniq_sonja, uniq_harold
Lair:2:   minmay_holes, grunt_megastairs_4
Lair:3:   lemuel_slime, grunt_megastairs_2, serial_bayou_shore_b,
          lemuel_fruit_fields, lemuel_fruit_tree
Lair:4:   swamp_mist_pool, spider_nest_entry_webs, minmay_lair_oklob_chamber
Lair:5:   minivault_24, grunt_megastairs_3
Orc:1:    giant_chief_lemuel, basic_altar

Skill      XL: |  1  2  3  4  5  6  7  8  9 10 11 12 13 |
---------------+----------------------------------------+-----
Air Magic      | 5 6 7 8 10 12 14 16 17 | 17.2
Spellcasting   | 3 4 6 7 8 11 | 11.0
Shields        | 4 |  4.3
Fighting       | 4 6 7 |  7.0
Dodging        | 7 11 | 11.0
Invocations    | 4 6 8 |  8.0
Stealth        | |  2.0
Conjurations   | |  1.3

Action                   |  1- 3 |  4- 6 |  7- 9 | 10-12 | 13-15 || total
-------------------------+-------+-------+-------+-------+-------++-------
Melee: Unarmed           |     7 |       |     1 |    11 |       ||    19
       Kick              |     2 |       |     1 |     5 |    16 ||    24
       Peck              |     1 |       |       |     2 |     8 ||    11
       Dagger            |       |       |       |       |    33 ||    33
 Fire: Blowgun           |       |       |       |    15 |    20 ||    35
 Cast: Shock             |    63 |    87 |     1 |       |       ||   151
       Airstrike         |       |     4 |   151 |   432 |   315 ||   902
       Lightning Bolt    |       |       |       |    10 |     9 ||    19
       Swiftness         |       |       |       |     1 |       ||     1
       Apportation       |       |       |       |     1 |       ||     1
       Summon Lightning  |       |       |       |       |    11 ||    11
       Blink             |       |       |       |       |     5 ||     5
Invok: Divine Energy     |       |       |     1 |       |       ||     1
 Abil: Evoke Flight      |       |     3 |     2 |    17 |     1 ||    23
       Fly               |       |       |       |       |    10 ||    10
Evoke: Wand              |       |       |       |     3 |       ||     3
  Use: Potion            |     1 |       |       |     3 |       ||     4
       Scroll            |       |       |       |    24 |     5 ||    29
 Stab: Sleeping          |     1 |       |       |       |       ||     1
  Eat: Chunk             |     2 |     6 |    40 |    80 |    40 ||   168
       Ration            |       |       |     1 |       |       ||     1
Armor: Robe              |     5 |     3 |     7 |    11 |    23 ||    49
       Troll leather arm |       |       |       |     9 |     9 ||    18
       Skin              |       |       |       |     1 |       ||     1
Dodge: Dodged            |    30 |    21 |    43 |   124 |   244 ||   462
Block: Buckler           |       |       |       |    32 |    78 ||   110

Table legend:
 A = Spawn XP
 B = Non-spawn XP
 C = Spawn XP percentage of total XP
 D = Spawn monster count
 E = Non-spawn monster count
 F = Spawn count percentage of total count
 G = Total turns spent on level
                    A         B        C        D         E        F      G
               +---------+---------+-------+---------+---------+-------+---------
         Total |       0 |   55483 |   0.0 |       0 |     449 |   0.0 | 23034
               +---------+---------+-------+---------+---------+-------+---------
           D:1 |       0 |      54 |   0.0 |       0 |      25 |   0.0 |   996
           D:2 |       0 |      50 |   0.0 |       0 |      24 |   0.0 |   686
           D:3 |       0 |     271 |   0.0 |       0 |      25 |   0.0 |  1055
           D:4 |       0 |    1037 |   0.0 |       0 |      18 |   0.0 |   803
           D:5 |       0 |     782 |   0.0 |       0 |      13 |   0.0 |  1028
           D:6 |       0 |    1371 |   0.0 |       0 |      27 |   0.0 |   688
           D:7 |       0 |    1295 |   0.0 |       0 |      32 |   0.0 |  1325
           D:8 |       0 |    1181 |   0.0 |       0 |      28 |   0.0 |  1266
           D:9 |       0 |    3467 |   0.0 |       0 |      28 |   0.0 |  1358
          D:10 |       0 |    5735 |   0.0 |       0 |      41 |   0.0 |  1681
          D:11 |       0 |    7600 |   0.0 |       0 |      31 |   0.0 |  2116
          D:12 |       0 |    1870 |   0.0 |       0 |      28 |   0.0 |   894
        Lair:1 |       0 |    5739 |   0.0 |       0 |      21 |   0.0 |  1344
        Lair:2 |       0 |    3678 |   0.0 |       0 |      17 |   0.0 |  1571
        Lair:3 |       0 |    4808 |   0.0 |       0 |      46 |   0.0 |  1665
        Lair:4 |       0 |    5461 |   0.0 |       0 |      17 |   0.0 |  2083
        Lair:5 |       0 |   10777 |   0.0 |       0 |      27 |   0.0 |  2461
         Orc:1 |       0 |     307 |   0.0 |       0 |       1 |   0.0 |    14
               +---------+---------+-------+---------+---------+-------+---------
